 Dungeon Crawl Stone Soup version 0.30.1-11-g7821555f0a (webtiles) character file.

Game seed: 7885231517263208598

737 CaptainMV the Conjurer (level 7, 0/58 HPs)
             Began as a Naga Wanderer on Nov 7, 2023.
             Was a Follower of Sif Muna.
             Slain by an orc warrior
             ... wielding a +0 glaive
              (11 damage)
             ... on level 6 of the Dungeon.
             The game lasted 00:35:37 (3121 turns).

CaptainMV the Conjurer (Naga Wanderer)              Turns: 3121, Time: 00:35:37

Health: 0/58       AC: 10    Str: 13    XL:     7   Next: 74%
Magic:  1/11       EV:  8    Int: 17    God:    Sif Muna [*.....]
Gold:   183        SH:  0    Dex:  9    Spells: 4/12 levels left

rFire   + + .        b - staff of earth
rCold   . . .        (no shield)
rNeg    + + .        c - +1 robe
rPois   +            d - +0 helmet
rElec   .            (no cloak)
rCorr   +            u - +0 pair of gloves "Fofuisk" {+Inv rF++ rN+ rCorr}
SInv    +            s - +0 barding
Will    .....        B - amulet "Salyxt" {Faith Rampage}
Stlth   ++           m - ring of positive energy
HPRegen 0.29/turn    (no ring)
MPRegen 0.12/turn

%: rampage, faith
@: short of breath, very slightly contaminated, very slow
A: AC +2, large, see invisible, deformed body, poison resistance, slowness 2,
spit poison 1, naga tail 1
a: Spit Poison, Renounce Religion, Evoke Invisibility, Channel Magic


You were on level 6 of the Dungeon.
You worshipped Sif Muna.
Sif Muna was aware of your devotion.
You visited 2 branches of the dungeon, and saw 7 of its levels.

You collected 183 gold pieces.

Inventory:

Hand Weapons
 a - a +1 mace
 g - a +0 club
Missiles
 k - 6 poisoned darts
Armour
 c - a +1 robe (worn)
 d - a +0 helmet (worn)
 s - a +0 barding (worn)
 u - the +0 pair of gloves "Fofuisk" (worn) {+Inv rF++ rN+ rCorr}
   (You found it on level 5 of the Dungeon)

   rF:        It greatly protects you from fire.
   rN:        It protects you from negative energy.
   +Inv:      It lets you turn invisible.
   rCorr:     It protects you from acid and corrosion.
Magical Staves
 b - a staff of earth (weapon)
 y - a staff of death
Jewellery
 m - a ring of positive energy (left hand)
 r - a ring of resist corrosion
 B - the amulet "Salyxt" (around neck) {Faith Rampage}
   (You found it on level 5 of the Dungeon)

   [amulet of faith]

   It allows you to gain divine favour quickly.
   Rampage:   It bestows one free step when moving towards enemies.
Wands
 A - a wand of mindburst (14)
Scrolls
 o - 3 scrolls of enchant weapon
 q - a scroll of magic mapping
 v - a scroll of amnesia
 w - a scroll of enchant armour
 x - a scroll of fog
Potions
 e - 2 potions of cancellation
 f - a potion of flight {unknown}
 h - 3 potions of haste
 i - a potion of might {unknown}
 j - a potion of experience {unknown}
 l - a potion of degeneration {unknown}
 n - a potion of magic
 p - 2 potions of mutation
 t - a potion of attraction
 z - 3 potions of curing {unknown}


   Skills:
 + Level 1.9 Fighting
 + Level 3.0(3.1) Maces & Flails
 + Level 0.8(2.0) Staves
 + Level 1.0 Armour
 + Level 2.0 Dodging
 + Level 3.5 Stealth
 + Level 3.0 Spellcasting
 + Level 6.0 Conjurations
 + Level 0.2 Fire Magic
 + Level 1.3 Air Magic
 + Level 3.0 Earth Magic
 + Level 0.4 Evocations


You had 4 spell levels left.
You knew the following spells:

 Your Spells              Type           Power      Damage    Failure   Level
b - Shock                 Conj/Air       60%        1d6       3%          1
c - Stone Arrow           Conj/Erth      54%        3d10      9%          3
d - Sticky Flame          Conj/Fire      13%        2d4       43%         4

Your spell library contained the following spells:

 Spells                   Type           Power      Damage    Failure   Level
 Magic Dart               Conj           92%        1d7       1%          1
 Kiss of Death            Conj/Necr      48%        2d9       4%          1
 Sandblast                Erth           38%        2d10      4%          1
 Summon Small Mammal      Summ           8%         N/A       17%         1
 Mephitic Cloud           Conj/Pois/Air  10%        N/A       19%         3
 Call Imp                 Summ           4%         N/A       26%         2
 Call Canine Familiar     Summ           2%         N/A       45%         3
 Summon Guardian Golem    Hex/Summ       2%         N/A       45%         3


Dungeon Overview and Level Annotations

Branches:
Dungeon (6/15)             Temple (1/1) D:4

Altars:
Ashenzari
Cheibriados
Dithmenos
Fedhas
Gozag
Hepliaklqana
Makhleb
Nemelex Xobeh
Okawaru
Qazlal
Ru
Sif Muna
Trog
Uskayaw
Vehumet
Wu Jian
Zin
The Shining One

Shops:
D:3 *


Innate Abilities, Weirdness & Mutations

Your serpentine skin is tough. (AC +2)
You have supernaturally acute eyesight. (SInv)
Armour fits poorly on your strangely shaped body.
Your system is resistant to poisons. (rPois)
You cover ground very slowly.
You can spit poison.
You have a snake-like lower body.


Message History

The orc hits you but does no damage.
The orc warrior hits you from afar with a +0 glaive!
Casting: Shock (safe; 3% risk of failure)
Confirm with . or Enter, or press ? or * to list all spells.
Aiming: Shock (safe; 3% risk of failure)
Press: ? - help, Shift-Dir - straight line, f/p - orc
Aim: an orc, wielding a +0 club (heavily wounded, 71% to hit)
You miscast Shock.
You are very lightly contaminated with residual magic.
Nothing appears to happen.
The orc warrior hits you from afar with a +0 glaive!
The orc priest looks braver for a moment.
Aiming: Mindburst
Press: ? - help, Q - select action, (/) - cycle Shift-Dir - straight line, f - orc priest, p - orc
Aim: an orc priest, wielding a +0 flail (chance to affect: 66%)
The orc priest struggles to resist.
The orc warrior hits you from afar with a +0 glaive.
The orc hits you but does no damage. The orc priest closely misses you.
Aiming: Mindburst
Press: ? - help, Q - select action, (/) - cycle Shift-Dir - straight line, f - orc, p - orc priest
Aim: an orc, wielding a +0 club (heavily wounded, chance to affect: 80%)
The orc warrior struggles to resist.
The orc closely misses you. The orc warrior barely misses you.
The orc priest barely misses you.
Aiming: Mindburst
Press: ? - help, Q - select action, (/) - cycle Shift-Dir - straight line, f - orc warrior, p - orc
Aim: an orc warrior, wielding a +0 glaive and wearing a +0 plate armour (lightly wounded, chance to affect: 66%)
The orc warrior's mind is blasted!
The orc hits you but does no damage. The orc warrior barely misses you.
The orc priest invokes the aid of Beogh against you.
Beogh smites you!
* * * LOW HITPOINT WARNING * * *
Aiming: Spit Poison (1% risk of failure)
Press: ? - help, Shift-Dir - straight line, f/p - orc warrior
Aim: an orc warrior, wielding a +0 glaive and wearing a +0 plate armour (severely wounded, 59% to hit)
The splash of poison hits the orc!
The orc is poisoned.
You kill the orc!
Sif Muna accepts your kill.
The orc warrior hits you from afar with a +0 glaive!
You die...

#..# #..# #..#
#..# #..# #..#
.## ###..#
.....#)...#
#...o@#....#
#...o)).......
#(...o####.###
#...... .#
......). #
#####.#..#
#..... +..###


You could see an orc warrior, an orc priest and an orc.

Vanquished Creatures
  An ogre (D:4)
  2 phantoms (D:5)
  2 scorpions
  2 hounds
  A jelly (D:4)
  2 orc priests
  An iguana (D:5)
  2 orc wizards
  6 adders
  3 gnolls (D:5)
  3 worms
  A dart slug (D:1)
  8 orcs
  4 endoplasms
  2 giant cockroaches (D:3)
  4 goblins
  4 hobgoblins
  2 jackals (D:1)
  8 kobolds
  2 quokkas
  6 ball pythons
  2 bats
  2 frilled lizards
  3 rats
73 creatures vanquished.

Notes
Turn   | Place    | Note
-------+----------+-------------------------------------------
     0 | D:1      | CaptainMV the Naga Wanderer began the quest for the Orb.
     0 | D:1      | CaptainMV set off with the following items: a +0 club, a
                  | potion of attraction, a +0 robe, a +0 helmet; and the
                  | following spells available to memorise: Kiss of Death,
                  | Sandblast, Shock, Stone Arrow, Sticky Flame.
     0 | D:1      | Reached XP level 1. HP: 15/15 MP: 2/2
     2 | D:1      | Learned a level 1 spell: Kiss of Death
     4 | D:1      | Learned a level 1 spell: Shock
   128 | D:1      | Reached XP level 2. HP: 23/24 MP: 1/3
   727 | D:2      | Reached XP level 3. HP: 20/30 MP: 0/4
   976 | D:2      | Reached XP level 4. HP: 37/37 MP: 2/5
   980 | D:2      | Learned a level 3 spell: Stone Arrow
   988 | D:2      | Reached skill level 5 in Conjurations
  1199 | D:3      | Found Zin's Purification Station.
  1216 | D:3      | Found a glowing silver altar of Zin.
  1258 | D:3      | Found a shimmering blue altar of Sif Muna.
  1272 | D:3      | Became a worshipper of Sif Muna the Loreminder
  1326 | D:3      | Identified the +0 ring mail of the Three Knives {Int+4}
  1380 | D:3      | Found a bloodstained altar of Trog.
  1476 | D:3      | Reached skill level 1 in Maces & Flails
  1486 | D:4      | Found a hide-covered altar of Uskayaw.
  1691 | D:4      | Noticed an ogre
  1693 | D:4      | Noticed a scorpion
  1702 | D:4      | Killed a scorpion
  1703 | D:4      | Reached skill level 1 in Fighting
  1703 | D:4      | Reached XP level 5. HP: 39/44 MP: 1/7
  1706 | D:4      | Killed an ogre
  1707 | D:4      | Reached XP level 6. HP: 47/51 MP: 0/8
  1818 | D:4      | Reached skill level 1 in Air Magic
  1855 | D:4      | Found a staircase to the Ecumenical Temple.
  1870 | Temple   | Entered the Ecumenical Temple
  1964 | Temple   | Learned a level 4 spell: Sticky Flame
  2168 | D:5      | Entered Level 5 of the Dungeon
  2391 | D:5      | Reached XP level 7. HP: 57/57 MP: 3/10
  2414 | D:5      | Found a blossoming altar of Fedhas.
  2774 | D:5      | Identified the +0 pair of gloves "Fofuisk" {+Inv rF++ rN+
                  | rCorr}
  2885 | D:5      | Identified the amulet "Salyxt" {Faith Rampage}
  2975 | D:5      | Reached skill level 6 in Conjurations
  3098 | D:6      | Reached * piety under Sif Muna
  3121 | D:6      | Slain by an orc warrior

Illustrated notes

Levels and vault maps discovered:
D:1:      dpeg_arrival_stone_temple_mockup, layout_basic
D:2:      layout_rooms
D:3:      layout_loops_ring, zin_purify, nicolae_overflow_crystal_walls,
          nicolae_sif_muna_condensation, uniq_grinder
D:4:      layout_basic, overflow_temple_1_default, minmay_temple_entry_trees,
          kennysheep_potato
D:5:      layout_rooms, fedhas_altar_4, serial_co_window_serial,
          co_window_paths_a, co_window_paths_b, co_window_paths_a,
          co_window_corner_a, co_window_corner_a, co_window_of_opportunity_b,
          co_window_cross_4, co_window_2corner, co_window_unsneaky_path_e,
          co_window_paths_c, co_window_of_opportunity_b, co_window_paths_e,
          co_window_paths_d, glass_columns_a, glass_columns_b, glass_columns_a,
          glass_columns_b
D:6:      minmay_recursive_quarters, layout_basic, old_standard_altar,
          serial_shops, shop, minmay_crossroads
Temple:   nicolae_temple_bog_church

Skill      XL: |  1  2  3  4  5  6  7 |
---------------+----------------------+-----
Stealth        | 2 3 |  3.5
Conjurations   | 5 6 |  6.0
Maces & Flails | 1 2 3 |  3.0
Fighting       | 1 |  1.9
Spellcasting   | 2 3 |  3.0
Air Magic      | 1 |  1.3
Dodging        | 2 |  2.0
Earth Magic    | 3 |  3.0
Staves         | |  0.8
Armour         | |  1.0
Fire Magic     | |  0.2
Evocations     | |  0.4

Action                     |  1- 3 |  4- 6 |  7- 9 || total
---------------------------+-------+-------+-------++-------
  Melee: Club              |     7 |       |       ||     7
         Mace              |    21 |    38 |       ||    59
         Staff             |       |     4 |    36 ||    40
         Punch             |       |       |     1 ||     1
   Cast: Shock             |    35 |    10 |     8 ||    53
         Stone Arrow       |       |    16 |    12 ||    28
         Sticky Flame      |       |     1 |     3 ||     4
Ability: Spit Poison       |     6 |     4 |     2 ||    12
  Evoke: Wand              |       |     3 |     3 ||     6
    Use: Scroll            |     4 |     8 |       ||    12
         Potion            |       |       |     1 ||     1
 Armour: Robe              |    12 |    18 |    34 ||    64
  Dodge: Dodged            |    25 |    30 |    25 ||    80
